 Dungeon Crawl Stone Soup version 0.31.0-32-g396128a36d (webtiles) character file.

Game seed: 15846383880848399049

1960 firemarshallily the Trooper (level 9, -2/68 HPs)
             Began as a Djinni Fire Elementalist on Mar 11, 2024.
             Slain by an orc warrior
             ... wielding a +0 glaive
              (15 damage)
             ... in a bailey.
             The game lasted 00:13:05 (3030 turns).

firemarshallily the Trooper (DjFE)                  Turns: 3030, Time: 00:13:05

Health: -2/68      AC:  2    Str:  7    XL:     9   Next: 42%
Gold:   225        EV: 14    Int: 21    God:
                   SH:  0    Dex: 14

rFire   + + .        e - +0 dagger
rCold   x . .        (no shield)
rNeg    . . .        a - +0 robe
rPois   ∞            (no helmet)
rElec   .            (no cloak)
rCorr   .            (no gloves)
SInv    .            (boots unavailable)
Will    .....        k - amulet of regeneration
Stlth   ++           (no ring)
HPRegen 1.11/turn    (no ring)
MPRegen 0.00/turn

%: infuse magic (-3 HP)
@: flying
A: sickness immunity, fire resistance 2, cold vulnerability 1, float, innate
caster, HP casting, extra vitality 1
a: no special abilities


You were in a bailey.
You visited 1 branch of the dungeon, and saw 5 of its levels.
You also visited: Bailey.

You collected 225 gold pieces.

Inventory:

Hand Weapons
 e - a +0 dagger (weapon)
Missiles
 b - 6 poisoned darts
 d - 3 boomerangs
 m - 2 throwing nets
 r - a curare-tipped dart
Armour
 a - a +0 robe (worn)
Jewellery
 k - an amulet of regeneration (around neck)
Scrolls
 c - 2 scrolls of revelation
 f - a scroll of immolation {unknown}
 g - 2 scrolls of noise
 i - a scroll of silence {unknown}
 j - a scroll of identify {unknown}
 l - a scroll of fear {unknown}
 p - a scroll of teleportation {unknown}
Potions
 n - a potion of lignification {unknown}
 o - a potion of heal wounds {unknown}
 q - a potion of mutation {unknown}


   Skills:
 * Level 7.6 Fighting
 + Level 6.1 Dodging
 - Level 1.5 Stealth
 * Level 6.3 Spellcasting
 * Level 6.3 Conjurations
 * Level 6.3 Hexes
   Level 0.0 Charms
 * Level 6.3 Summonings
 * Level 6.3 Necromancy
 * Level 6.3 Translocations
   Level 0.0 Transmutations
 * Level 6.3 Fire Magic
 * Level 6.3 Ice Magic
 * Level 6.3 Air Magic
 * Level 6.3 Earth Magic
 * Level 6.3 Alchemy


You knew the following spells:

 Your Spells              Type           Power      Damage    Failure   Level
a - Foxfire               Conj/Fire      100%       2x1d9     1%          1
b - Scorch                Fire           66%        2d7       1%          2
c - Volatile Blastmotes   Fire/Tloc      66%        2d15      1%          3
d - Inner Flame           Hex/Fire       33%        N/A       1%          3
e - Flame Wave            Conj/Fire      33%        2d10      7%          4
f - Freeze                Ice            100%       1d10      1%          1
g - Searing Ray           Conj           66%        2d6       1%          2
h - Fugue of the Fallen   Necr           33%        N/A       1%          3
i - Dazzling Flash        Conj/Hex       66%        N/A       1%          3
Your spell library was empty.

Dungeon Overview and Level Annotations

Branches:
Dungeon (7/15)             Temple (0/1) D:7          Bailey (1/1)

Altars:
Dithmenos
Yredelemnul


Innate Abilities, Weirdness & Mutations

You are immune to sickness and miasma.
You are immune to poison.
Your flesh is very heat resistant. (rF++)
You are vulnerable to cold. (rC-)
You float through the air rather than walking.
You learn spells naturally, not from books.
Your magical power is your life essence.
You have superior vitality. (+4 MHP)


Message History

The orc warrior hits you from afar with a +0 glaive!
Casting: Flame Wave (dangerous; 7% risk of failure)
Confirm with . or Enter, or press ? or * to list all spells.
Aiming: Searing Ray (safe; 1% risk of failure)
Press: ? - help, Shift-Dir - straight line, f - orc warrior
Aim: an orc warrior, wielding a +0 glaive and wearing a +1 crystal plate armour (lightly wounded, 81% to hit)
The searing ray misses the orc warrior. (Press . to maintain the ray.)
The orc warrior hits you from afar with a +0 glaive!!
* * * LOW HITPOINT WARNING * * *
It was a potion of curing.
You feel better.
The orc warrior hits you from afar with a +0 glaive!
* * * LOW HITPOINT WARNING * * *
There is an open door here.
You reach down and close the door.
An orc warrior opens the door.
Your magical contamination has completely faded away.
You reach down and close the door.
An orc warrior opens the door.
You reach down and close the door.
An orc warrior opens the door.
You reach down and close the door.
An orc warrior breaks down the door.
Casting: Searing Ray (safe; 1% risk of failure)
Confirm with . or Enter, or press ? or * to list all spells.
A cloud of volatile blastmotes flares up around you!
Run!
* * * LOW HITPOINT WARNING * * *
The orc warrior closely misses you.
The orc warrior attacks as it pursues you!
The orc warrior hits you from afar with a +0 glaive!
* * * LOW HITPOINT WARNING * * *
The cloud of blastmotes explodes!
The concussive blast engulfs the orc warrior!
The orc warrior is moderately wounded.
There is a large broken door here.
Things that are here:
a +0 glaive; a +0 scale mail; an orc corpse You feel better.
The orc warrior barely misses you.
Casting: Volatile Blastmotes (safe; 1% risk of failure)
Confirm with . or Enter, or press ? or * to list all spells.
A cloud of volatile blastmotes flares up around you!
Run!
* * * LOW HITPOINT WARNING * * *
The orc warrior hits you from afar with a +0 glaive!
You die...

.~~..## ##..)~..........#
~~..##.∩.##..~~~~~~~~~~.#
...##.....##......)...~.#
#######'###'#########.).#
.........##.....##.~.#
.≈≈≈≈≈≈≈..##...##..~.#
≈≈.....≈≈..##.##..~~.#
...⌠∩⌠..§...#'#..~~.∩#
≈...⌠...§≈..#@#..~~.## #
≈§.....≈≈..##.##..~~.# #
.≈≈≈.≈§§..#'o..##.)~.# .
.......§.##.....##.~.#
#######'#############)~.#
...##... ##..........~.#
~~..##[ ##..~~~~~~)~~~.#
.~~..## ##..)~).........#
..~~..###..~~..##########


You could see an orc warrior.

Vanquished Creatures
  2 orc knights (Bailey)
  An ice beast (D:6)
  An ogre (D:6)
  2 orc warriors (Bailey)
  A phantom (D:6)
  2 bullfrogs
  A kobold brigand (D:6)
  3 scorpions (D:6)
  A gnoll bouda (D:6)
  Jessica (D:2)
  4 iguanas (D:6)
  4 adders
  4 gnolls (D:6)
  14 orcs
  5 ball pythons
  4 endoplasms
  3 giant cockroaches
  10 goblins
  4 hobgoblins
  2 quokkas (D:2)
  4 bats
  3 frilled lizards (D:1)
  5 kobolds
  5 rats
86 creatures vanquished.

Vanquished Creatures (others)
  469 foxfires
469 creatures vanquished.

Grand Total: 555 creatures vanquished

Notes
Turn   | Place    | Note
-------+----------+-------------------------------------------
     0 | D:1      | firemarshallily the Djinni Fire Elementalist began the
                  | quest for the Orb.
     0 | D:1      | firemarshallily set off with the following spells
                  | memorised: Foxfire, Scorch, Volatile Blastmotes, Inner
                  | Flame, Flame Wave.
     0 | D:1      | Reached XP level 1. HP: 15/15 MP: 0/0
   147 | D:1      | Reached XP level 2. HP: 12/22 MP: 0/0
   220 | D:1      | Reached skill level 1 in Fighting
   591 | D:1      | Reached XP level 3. HP: 25/27 MP: 0/0
   591 | D:1      | Learned a level 1 spell: Freeze
   674 | D:1      | Found a faded altar of an unknown god.
  1000 | D:2      | Noticed Jessica
  1011 | D:2      | Killed Jessica
  1012 | D:2      | Reached skill level 2 in Fighting
  1012 | D:2      | Reached XP level 4. HP: 15/33 MP: 0/0
  1650 | D:3      | You are sucked into a shaft and drop 3 floors!
  1688 | D:6      | Reached XP level 5. HP: 37/39 MP: 0/0
  1688 | D:6      | Learned a level 2 spell: Searing Ray
  1711 | D:6      | Noticed an ice beast
  1718 | D:6      | Killed an ice beast
  1719 | D:6      | Reached skill level 3 in Fighting
  1719 | D:6      | Reached XP level 6. HP: 29/46 MP: 0/0
  1780 | D:6      | Reached skill level 4 in Fighting
  1785 | D:6      | Reached XP level 7. HP: 47/52 MP: 0/0
  1785 | D:6      | Learned a level 3 spell: Fugue of the Fallen
  2037 | D:6      | Found a basalt altar of Yredelemnul.
  2141 | D:6      | Reached skill level 5 in Fighting
  2143 | D:6      | Reached skill level 5 in Spellcasting
  2143 | D:6      | Reached skill level 5 in Conjurations
  2143 | D:6      | Reached skill level 5 in Hexes
  2143 | D:6      | Reached skill level 5 in Summonings
  2143 | D:6      | Reached skill level 5 in Necromancy
  2143 | D:6      | Reached skill level 5 in Translocations
  2143 | D:6      | Reached skill level 5 in Fire Magic
  2143 | D:6      | Reached skill level 5 in Ice Magic
  2143 | D:6      | Reached skill level 5 in Air Magic
  2143 | D:6      | Reached skill level 5 in Earth Magic
  2143 | D:6      | Reached skill level 5 in Alchemy
  2143 | D:6      | Reached XP level 8. HP: 43/59 MP: 0/0
  2309 | D:6      | Found a shadowy altar of Dithmenos.
  2548 | D:7      | Found a flagged portal.
  2574 | Bailey   | Entered a bailey
  2745 | Bailey   | Noticed an orc knight
  2745 | Bailey   | Noticed an orc knight
  2802 | Bailey   | Killed an orc knight
  2803 | Bailey   | Reached skill level 6 in Fighting
  2803 | Bailey   | Reached skill level 5 in Dodging
  2805 | Bailey   | Reached XP level 9. HP: 55/67 MP: 0/0
  2805 | Bailey   | Learned a level 3 spell: Dazzling Flash
  2870 | Bailey   | Killed an orc knight
  2871 | Bailey   | Reached skill level 7 in Fighting
  3030 | Bailey   | Slain by an orc warrior

Illustrated notes

Levels and vault maps discovered:
D:1:      wheals_arrival_linesprint, layout_rooms, serial_curves,
          eino_curves_03, eino_curves_02, eino_curves_02,
          shapermc_ecumenical_altar_mp_highgroup, kennysheep_another_room
D:2:      layout_rooms, uniq_jessica
D:3:      layout_loops_cross, uniq_sigmund, uniq_ijyb
D:6:      layout_basic, mainiacjoe_overflow_concentric_impassable,
          mainiacjoe_overflow_divided_tiny, minivault_24,
          hangedman_abyss_or_decor_passed
D:7:      nzn_winding_woodlands_medium [nzn_winding_woodlands_5x5_perimeter,
          nzn_winding_woodlands_5x15_crooked, nzn_winding_woodlands_5x5_three,
          nzn_winding_woodlands_hourglass, nzn_winding_woodlands_center_garden,
          nzn_winding_woodlands_5x5_checkerboard,
          nzn_winding_woodlands_5x5_closed_star,
          nzn_winding_woodlands_5x15_concentric,
          nzn_winding_woodlands_5x5_default], layout_loops_ring,
          nicolae_hepliaklqana_monster_ancestors,
          mainiacjoe_overflow_tiny_flanked, temple_fountains, enter_bailey_5,
          kennysheep_generic_room_13, uniq_jeremiah, uniq_menkaure
Bailey:   bailey_polearm_1, bailey

Skill      XL: |  1  2  3  4  5  6  7  8  9 |
---------------+----------------------------+-----
Fighting       | 1 2 3 4 5 6 7 |  7.6
Dodging        | 3 4 5 6 |  6.1
Spellcasting   | 4 5 6 |  6.3
Conjurations   | 4 5 6 |  6.3
Hexes          | 4 5 6 |  6.3
Summonings     | 4 5 6 |  6.3
Necromancy     | 4 5 6 |  6.3
Translocations | 4 5 6 |  6.3
Fire Magic     | 4 5 6 |  6.3
Ice Magic      | 4 5 6 |  6.3
Air Magic      | 4 5 6 |  6.3
Earth Magic    | 4 5 6 |  6.3
Alchemy        | 4 5 6 |  6.3
Stealth        | |  1.5

Action                     |  1- 3 |  4- 6 |  7- 9 || total
---------------------------+-------+-------+-------++-------
  Melee: Dagger            |     7 |     2 |       ||     9
   Cast: Foxfire           |    66 |   103 |    99 ||   268
         Scorch            |     2 |    11 |    24 ||    37
         Searing Ray       |       |     1 |     1 ||     2
         Volatile Blastmot |       |       |    17 ||    17
         Flame Wave        |       |       |     3 ||     3
    Use: Scroll            |       |       |     2 ||     2
         Potion            |       |       |     2 ||     2
 Armour: Robe              |     2 |     3 |    28 ||    33
  Dodge: Dodged            |     7 |     3 |    19 ||    29
